AoeStats
← Axolot

African Clearing

505793930Analyzed
4v4 RM · 21d ago on Sep 11, 2026· 79m 31s· 8 players
Game mode
Random Map
Map size
Large (8 player)
Population
200
Speed
Normal
Resources
Standard
Victory
Conquest
Starting age
Dark Age
Ending age
Imperial Age
RankedLock teamsTeams togetherTeam positionsShared explorationLock speedFull tech treeHidden civsTurbo modeCheats
Victory
Defeat
🇦🇷 Byzantines · Argentina
1528
+12
🇦🇷 Dravidians · Argentina
1472
+15
🇺🇾 Wei · Uruguay
1376
+19
🇦🇷 Turks · Argentina
1253
+24
🇧🇷 Mapuche · Brazil
1472
-19
🇧🇷 Turks · Brazil
1451
-18
🇧🇷 Japanese · Brazil
1446
-18
🇧🇷 Persians · Brazil
1371
-15
Axolot
6:16 Loom
11:32 Feudal Age
16:43 Castle Age
15:00 Double-Bit Axe
17:36 Bow Saw
26:06 Horse Collar
26:51 Heavy Plow
26:34 Fishing Lines
29:43 Wheelbarrow
30:43 Hand Cart
32:04 Gold Mining
33:56 Gold Shaft Mining
34:28 Husbandry
37:07 Imperial Age
36:53 Scale Barding Armor
37:30 Forging
37:38 Cavalier
40:15 Stone Mining
41:23 Paladin
42:09 Caravan
43:52 Chain Barding Armor
44:09 Iron Casting
43:09 Light Cavalry
44:29 Guilds
45:14 Plate Barding Armor
48:10 Hoardings
47:57 Conscription
49:45 Ballistics
49:18 Fletching
49:31 Scale Mail Armor
50:43 Bodkin Arrow
51:07 Chain Mail Armor
51:56 Chemistry
50:36 Treadmill Crane
54:09 Stone Shaft Mining
54:52 Greek Fire
55:05 Logistica
57:13 Arrowslits
57:57 Bombard Tower
59:28 Bracer
59:33 Hussar
63:27 Heavy Camel Rider
70:45 Two-Man Saw
71:20 Elite Skirmisher
72:06 Thumb Ring
72:10 Padded Archer Armor
73:55 Leather Archer Armor
79:33 Ring Archer Armor
78:50 Capped Ram
uku_
13:21 Feudal Age
11:42 Loom
14:23 Double-Bit Axe
17:08 Castle Age
15:26 Horse Collar
21:26 Town Watch
24:53 Bow Saw
26:14 Heavy Plow
27:25 Wheelbarrow
27:10 Fletching
28:13 Bodkin Arrow
30:16 Thumb Ring
31:00 Ballistics
31:31 Padded Archer Armor
31:46 Bloodlines
31:36 Husbandry
32:23 Hand Cart
32:48 Leather Archer Armor
32:26 Stone Mining
32:26 Gold Mining
36:49 Imperial Age
34:12 Treadmill Crane
37:38 Bracer
37:03 Heavy Cavalry Archer
38:08 Parthian Tactics
38:53 Ring Archer Armor
38:17 Gold Mining
40:33 Town Patrol
41:29 Scale Barding Armor
41:34 Forging
44:01 Chain Barding Armor
44:16 Iron Casting
45:47 Plate Barding Armor
46:55 Two-Man Saw
47:19 Blast Furnace
48:49 Sipahi
48:50 Conscription
51:27 Murder Holes
51:42 Masonry
52:37 Sappers
54:46 Gold Shaft Mining
55:34 Caravan
56:05 Coinage
58:10 Bombard Tower
68:07 Fortified Wall
68:07 Masonry
67:43 Arrowslits
75:06 Caravan
75:37 Banking
77:54 Architecture
78:28 Guilds
[VA] Tano_Pacman
12:49 Feudal Age
16:40 Castle Age
14:47 Double-Bit Axe
17:36 Bow Saw
18:15 Loom
19:44 Fletching
20:01 Town Watch
23:41 Horse Collar
29:00 Bodkin Arrow
29:30 Padded Archer Armor
30:43 Gold Mining
31:57 Ballistics
32:13 Thumb Ring
33:17 Leather Archer Armor
41:48 Stone Mining
43:23 Wheelbarrow
42:50 Heavy Plow
47:00 Imperial Age
44:46 Man-at-Arms
45:11 Gambesons
45:27 Squires
45:29 Scale Mail Armor
45:39 Forging
45:48 Forging
45:18 Pikeman
45:44 Arson
46:28 Hand Cart
46:08 Long Swordsman
47:04 Chain Mail Armor
47:25 Iron Casting
47:04 Two-Handed Swordsman
48:15 Plate Mail Armor
48:07 Wootz Steel
48:08 Conscription
49:24 Blast Furnace
48:11 Champion
50:57 Chemistry
50:09 Elite Skirmisher
51:20 Bracer
53:16 Ring Archer Armor
53:18 Fortified Wall
53:19 Masonry
53:06 Murder Holes
53:31 Scale Barding Armor
54:33 Chain Barding Armor
54:25 Medical Corps
54:57 Hoardings
54:48 Husbandry
55:24 Guilds
60:24 Elite Elephant Archer
63:46 Guard Tower
63:43 Arrowslits
63:44 Halberdier
69:11 Two-Man Saw
68:15 Caravan
68:46 Coinage
68:17 Siege Elephant
76:20 Bombard Tower
77:11 Keep
[VA] Salvatore
3:39 Loom
13:35 Feudal Age
14:11 Double-Bit Axe
15:23 Horse Collar
21:56 Castle Age
21:43 Bloodlines
23:57 Bow Saw
27:58 Husbandry
31:33 Stone Mining
33:13 Scale Barding Armor
33:23 Fletching
37:47 Chain Barding Armor
37:37 Forging
39:57 Iron Casting
51:05 Imperial Age
47:57 Light Cavalry
49:08 Bodkin Arrow
49:43 Padded Archer Armor
51:32 Leather Archer Armor
52:16 Parthian Tactics
51:53 Bracer
54:29 Ring Archer Armor
55:26 Chemistry
54:38 Hussar
58:42 Squires
58:43 Scale Mail Armor
59:44 Blast Furnace
62:02 Ballistics
63:36 Elite Skirmisher
65:37 Chain Mail Armor
72:00 Capped Ram
78:15 Siege Ram
TmZ_razi
2:58 Loom
11:52 Feudal Age
19:12 Castle Age
17:40 Double-Bit Axe
18:29 Fletching
19:04 Padded Archer Armor
20:27 Bodkin Arrow
24:01 Ballistics
26:45 Leather Archer Armor
26:32 Horse Collar
29:28 Heavy Plow
31:07 Bow Saw
31:56 Gold Mining
31:58 Stone Mining
33:47 Wheelbarrow
35:51 Town Watch
39:02 Hand Cart
39:30 Malon
40:28 Stone Shaft Mining
40:30 Gold Shaft Mining
41:13 Town Patrol
42:11 Forging
42:01 Scale Mail Armor
41:23 Champi Runner
41:49 Arson
42:33 Murder Holes
43:59 Iron Casting
46:05 Imperial Age
44:00 Masonry
44:51 Treadmill Crane
45:29 Chain Mail Armor
45:57 Champi Warrior
47:20 Ring Archer Armor
46:42 Elite Bolas Rider
48:22 Conscription
48:43 Butalmapu
48:06 Pikeman
50:52 Blast Furnace
51:06 Hoardings
53:31 Chemistry
54:25 Crop Rotation
59:34 Halberdier
61:05 Plate Mail Armor
65:06 Siege Engineers
64:39 Elite Skirmisher
70:20 Capped Ram
76:20 Architecture
76:10 Bombard Tower
TmZ_Mosquito Sedutor
6:49 Loom
15:37 Feudal Age
16:37 Double-Bit Axe
16:45 Town Watch
16:45 Horse Collar
18:09 Wheelbarrow
19:46 Castle Age
23:59 Bloodlines
23:49 Husbandry
24:23 Gold Mining
25:09 Bow Saw
27:19 Scale Barding Armor
30:08 Fletching
30:30 Forging
38:10 Wheelbarrow
38:27 Heavy Plow
42:36 Hand Cart
42:42 Hand Cart
44:26 Town Patrol
44:54 Forging
49:35 Imperial Age
49:03 Gold Shaft Mining
48:29 Stone Mining
50:41 Chain Barding Armor
50:19 Cavalier
51:14 Light Cavalry
53:31 Plate Barding Armor
54:01 Hussar
55:30 Iron Casting
55:26 Savar
56:24 Stone Mining
58:06 Blast Furnace
60:01 Blast Furnace
60:32 Conscription
60:30 Bodkin Arrow
69:04 Crop Rotation
69:54 Two-Man Saw
TmZ_Zanat
3:37 Loom
12:14 Feudal Age
13:01 Double-Bit Axe
13:59 Horse Collar
25:00 Castle Age
23:33 Scale Barding Armor
24:50 Bloodlines
24:52 Forging
24:50 Gold Mining
25:28 Town Watch
26:24 Husbandry
27:50 Bow Saw
28:52 Chain Barding Armor
31:56 Iron Casting
32:30 Wheelbarrow
32:24 Stone Mining
37:59 Hand Cart
40:35 Imperial Age
39:00 Heavy Plow
42:05 Plate Barding Armor
41:44 Masonry
43:56 Two-Man Saw
43:41 Ballistics
43:31 Fletching
44:44 Conscription
44:49 Sipahi
44:31 Bodkin Arrow
45:53 Parthian Tactics
45:32 Heavy Cavalry Archer
46:21 Padded Archer Armor
49:39 Blast Furnace
48:51 Bracer
49:48 Thumb Ring
50:50 Bombard Tower
50:29 Murder Holes
51:52 Architecture
51:37 Town Patrol
75:00 Caravan
TmZ_Noda
14:55 Feudal Age
18:52 Castle Age
16:52 Fishing Lines
18:25 Fletching
18:35 Loom
19:37 Crossbowman
22:42 Double-Bit Axe
23:21 Horse Collar
25:21 Bodkin Arrow
26:27 Gillnets
28:11 Wheelbarrow
27:54 Padded Archer Armor
27:59 Town Watch
29:26 Leather Archer Armor
29:48 Hand Cart
30:03 Bow Saw
29:47 Gold Mining
30:53 Heavy Plow
31:17 Thumb Ring
31:36 Stone Mining
33:00 Elite Skirmisher
39:50 Imperial Age
40:27 Ballistics
40:29 Town Patrol
40:58 Bracer
41:28 Ring Archer Armor
42:00 Chemistry
40:21 Arbalester
42:10 Two-Man Saw
41:32 Guard Tower
41:27 Arrowslits
43:36 Yasama
47:21 Conscription
48:35 Capped Ram
52:12 Coinage
55:24 Banking
56:34 Pikeman
57:15 Squires
57:36 Forging
57:27 Scale Mail Armor
58:04 Keep
59:03 Halberdier
60:35 Chain Mail Armor
60:56 Iron Casting
62:06 Plate Mail Armor
61:46 Arson
67:29 Caravan
71:55 Blast Furnace
75:32 Caravan
76:28 Scale Barding Armor
Connection lost

Rejoining the realm…

Still unreachable

The connection could not be restored.

Session expired

The server has moved on; the page needs a fresh start.